 Dungeon Crawl Stone Soup version 0.31-a0-175-g9f7f995f2b (webtiles) character file.

Game seed: 8098201708314642029

1075 Monkooky the Cudgeller (level 8, -2/62 HPs)
             Began as a Mummy Monk on June 16, 2023.
             Was an Elder of Okawaru.
             Slain by Pikel
             ... wielding a +1 whip of electrocution
              (15 damage)
             ... on level 6 of the Dungeon.
             The game lasted 00:07:47 (4370 turns).

Monkooky the Cudgeller (Mummy Monk)                 Turns: 4370, Time: 00:07:48

Health: -2/62      AC: 11    Str: 16    XL:     8   Next: 8%
Magic:  7/8        EV:  5    Int:  9    God:    Okawaru [****..]
Gold:   259        SH:  0    Dex: 15    Spells: 7/7 levels left

rFire   x . .        p - +0 flail
rCold   + . .        c - orb {light}
rNeg    + + +        w - +0 plate armour
rPois   ∞            (no helmet)
rElec   .            j - +0 cloak
rCorr   .            (no gloves)
SInv    .            (no boots)
Will    +....        (no amulet) Stlth
                     d - +4 ring of slaying
HPRegen 0.30/turn    (no ring)
MPRegen 0.11/turn

%: faith
@: glowing
A: cold resistance 1, negative energy resistance 3, torment resistance 2, heat
vulnerability 1, in touch with death 1, no potions, faith
a: Renounce Religion, Heroism, Finesse


You were on level 6 of the Dungeon.
You worshipped Okawaru.
Okawaru was greatly pleased with you.
You visited 2 branches of the dungeon, and saw 7 of its levels.

You collected 259 gold pieces.

Inventory:

Hand Weapons
 a - a +0 mace
 e - a +0 hand axe
 p - a +0 flail (weapon)
 q - a +0 whip
 u - a +0 arbalest
Missiles
 k - 2 poisoned darts
Armour
 b - a +0 robe
 c - an orb of light (worn)
 f - a +0 ring mail
 j - a +0 cloak (worn)
 r - a +0 robe of the Archmagi
 w - a +0 plate armour (worn)
 x - a +0 tower shield
 z - a +0 buckler
Jewellery
 d - a +4 ring of slaying (left hand)
 i - a ring of fire
Wands
 s - a wand of acid (8)
Scrolls
 g - a scroll of revelation {unknown}
 h - 2 scrolls of noise {unknown}
 l - a scroll of fog {unknown}
 m - 3 scrolls of identify
 n - a scroll of summoning {unknown}
 o - 2 scrolls of amnesia {unknown}
 t - 2 scrolls of poison
 v - a scroll of enchant armour {unknown}
 y - a scroll of brand weapon {unknown}


   Skills:
 - Level 5.2 Fighting
 - Level 7.5 Maces & Flails
 - Level 2.4 Dodging
 + Level 0.0 Invocations


You had 7 spell levels left.
You didn't know any spells.
Your spell library contained the following spells:

 Spells                   Type           Power      Damage    Failure   Level
 Necrotise                Necr           0%         1d4       100%        1
 Inner Flame              Hex/Fire       0%         N/A       100%        3
 Yara's Violent Unravell  Hex/Tmut       0%         3d3       100%        5
 Enfeeble                 Hex            0%         N/A       100%        7
 Chain Lightning          Conj/Air       0%         N/A       100%        9
 Haunt                    Necr/Summ      Unusable   N/A       N/A         7

Dungeon Overview and Level Annotations

Branches:
Dungeon (6/15)             Temple (1/1) D:5

Altars:
Ashenzari
Dithmenos
Fedhas
Hepliaklqana
Kikubaaqudgha
Makhleb
Nemelex Xobeh
Okawaru
Qazlal
Ru
Sif Muna
Uskayaw
Wu Jian
Yredelemnul

Annotations:
D:5 Sigmund
D:6 Pikel


Innate Abilities, Weirdness & Mutations

You are immune to poison.
Your flesh is cold resistant. (rC+)
You are immune to negative energy. (rN+++)
You are immune to unholy pain and torment.
You are vulnerable to heat. (rF-)
You are in touch with the powers of death.
You do not drink.
You have a special connection with the divine. (Faith)


Message History

The lemure is moderately wounded.
You closely miss the lemure.
The lemure is moderately wounded.
The lemure hits you!
You hit the lemure but do no damage.
The lemure is moderately wounded.
The lemure hits you.
You sock the lemure!
The lemure is severely wounded.
The lemure hits you but does no damage.
You hit the lemure.
The lemure is almost dead.
You hit the lemure.
The lemure is almost dead.
You hit Pikel but do no damage. You sock Pikel!
Pikel is lightly wounded.
Pikel hits you with a +1 whip of electrocution.
You hit Pikel.
Pikel is moderately wounded.
You hit Pikel.
Pikel is moderately wounded.
Pikel hits you but does no damage.
You hit Pikel but do no damage.
Pikel is moderately wounded.
You feel like a meek peon again.
Pikel hits you with a +1 whip of electrocution!
You barely miss Pikel.
Pikel is moderately wounded.
Pikel hits you but does no damage.
You are electrocuted!
As you read the scroll labelled VIHONU VIDUEJ, it crumbles to dust.
It is a scroll of identify.
t - 3 scrolls of poison Pikel hits you but does no damage.
The air fills with toxic fumes!
As you read the scroll of poison, it crumbles to dust.
Pikel hits you with a +1 whip of electrocution!
* * * LOW HITPOINT WARNING * * *
You are electrocuted!
You die...

#.# #.... #.# #..5
#.# #... #.# #55
#.# ##..
############.# #.K#
#§§..........# #..#
#§############ #..#
#@#
########.####K#####
.........K..55§...#
#..#####...#.####.#
#.#.#§# #.#.#§#
#.#.#§# #...§§#
###.#..


You could see Pikel and 2 lemures.

Vanquished Creatures
  A water moccasin (D:5)
  A sky beast (D:6)
  2 bullfrogs (D:6)
  3 scorpions
  A howler monkey (D:5)
  4 hounds
  4 iguanas
  A sleepcap (D:4)
  Natasha (twice) (D:3)
  10 adders
  6 gnolls
  A white imp (D:6)
  A worm (D:5)
  2 dart slugs
  6 orcs
  11 ball pythons
  A bat (D:1)
  6 endoplasms
  A giant cockroach (D:4)
  5 goblins
  6 hobgoblins
  3 jackals (D:1)
  8 kobolds
  3 quokkas
  2 frilled lizards (D:3)
  6 rats
97 creatures vanquished.

Notes
Turn   | Place    | Note
-------+----------+-------------------------------------------
     0 | D:1      | Monkooky the Mummy Monk began the quest for the Orb.
     0 | D:1      | Reached XP level 1. HP: 18/18 MP: 1/1
   148 | D:1      | Reached XP level 2. HP: 24/24 MP: 2/2
   731 | D:2      | Gained mutation: You are in touch with the powers of death.
                  | [Mummy growth]
   731 | D:2      | Reached XP level 3. HP: 30/30 MP: 3/3
  1315 | D:3      | Got Wyrediocu's Almanac of Evil Ceraunoscopy
  1360 | D:3      | Reached skill level 5 in Fighting
  1360 | D:3      | Reached XP level 4. HP: 29/39 MP: 4/4
  1542 | D:3      | Noticed Natasha
  1547 | D:3      | Killed Natasha
  1550 | D:3      | You fall into a shaft and drop 2 floors!
  1550 | D:5      | Entered Level 5 of the Dungeon
  1564 | D:5      | Found a staircase to the Ecumenical Temple.
  1568 | D:5      | Reached skill level 3 in Maces & Flails
  1570 | D:5      | Reached XP level 5. HP: 43/44 MP: 5/5
  1580 | Temple   | Entered the Ecumenical Temple
  1768 | Temple   | Became a worshipper of Warmaster Okawaru
  1768 | Temple   | Reached * piety under Okawaru
  1768 | Temple   | Reached ** piety under Okawaru
  2103 | D:3      | Reached skill level 4 in Maces & Flails
  2113 | D:3      | Noticed Natasha
  2136 | D:3      | Killed Natasha
  2573 | D:3      | Reached XP level 6. HP: 46/51 MP: 6/6
  3140 | D:4      | Reached skill level 5 in Maces & Flails
  3584 | D:5      | Reached XP level 7. HP: 56/56 MP: 7/7
  3633 | D:5      | Reached *** piety under Okawaru
  3776 | D:5      | Reached skill level 6 in Maces & Flails
  3890 | D:5      | Noticed Sigmund
  4055 | D:6      | Reached **** piety under Okawaru
  4056 | D:6      | Reached skill level 7 in Maces & Flails
  4104 | D:6      | Found a sparkling altar of Nemelex Xobeh.
  4205 | D:6      | Found a shimmering blue altar of Sif Muna.
  4259 | D:6      | Reached XP level 8. HP: 52/62 MP: 8/8
  4343 | D:6      | Noticed Pikel
  4370 | D:6      | Slain by Pikel

Illustrated notes

Levels and vault maps discovered:
D:1:      wander_arrival_peaceful_grave, layout_loops_ring
D:2:      minmay_chambers_of_ones, layout_rooms, hangedman_decor_opposing,
          dk_noncrumbling_2
D:3:      layout_loops_ring, serial_aquarium, aquarium_bridge_straight
          [aquarium_subvault_bridge, aquarium_subvault_window,
          aquarium_subvault_bridge, aquarium_subvault_wall],
          aquarium_bridge_straight [aquarium_subvault_bridge,
          aquarium_subvault_wall, aquarium_subvault_bridge,
          aquarium_subvault_wall], aquarium_window_corner, aquarium_window_2,
          aquarium_window_fake, aquarium_view_2e, minmay_shallow_snake_nest,
          uniq_natasha
D:4:      layout_cave_pods
D:5:      layout_rooms, minmay_temple_entry_mini_moons, grunt_ministairs_13,
          uniq_sigmund
D:6:      layout_basic, tgw_xom, lemuel_blue_sif_altar,
          mainiacjoe_overflow_brackets, serial_rivers,
          chequers_serial_rivers_room_a, chequers_serial_rivers_small_a,
          chequers_serial_rivers_room_a, chequers_serial_rivers_micro_b,
          dreamdust_princess_corridor, nicolae_figureground_sparkle, uniq_pikel,
          uniq_grinder
Temple:   regret_index_temple_generic_petals

Skill      XL: |  1  2  3  4  5  6  7 |
---------------+----------------------+-----
Fighting       | 4 5 |  5.2
Maces & Flails | 3 4 5 7 |  7.5
Dodging        | |  2.4

Action                     |  1- 3 |  4- 6 |  7- 9 || total
---------------------------+-------+-------+-------++-------
  Melee: Mace              |    57 |    26 |       ||    83
         Flail             |       |   107 |    60 ||   167
 Invoke: Heroism           |       |       |     1 ||     1
    Use: Scroll            |       |       |     2 ||     2
 Armour: Robe              |     3 |       |       ||     3
         Ring mail         |    14 |    54 |       ||    68
         Plate armour      |       |     4 |    33 ||    37
  Dodge: Dodged            |    28 |   100 |    10 ||   138

Table legend: (Time is in decaauts)
 A = Elapsed time spent in this place.
 B = Non-inter-level travel time spent in this place.
 C = Inter-level travel time spent in this place.
 D = Time resting spent in this place.
 E = Time spent auto-exploring this place.
 F = Levels seen in this place.
 G = Mean time per level.
                   A        B        C        D        E       F      G
               +--------+--------+--------+--------+--------+-----+--------+
         Total |   4418 |   4219 |    199 |    101 |   3305 |   7 |  631.1 |
       Dungeon |   4202 |   4031 |    171 |    101 |   3126 |   6 |  700.3 |
        Temple |    216 |    188 |     28 |      0 |    179 |   1 |  216.0 |
               +--------+--------+--------+--------+--------+-----+--------+

Top non-repeatable levels by time:
     D:3: 1116 daAuts
     D:4: 921 daAuts
     D:1: 645 daAuts
     D:2: 644 daAuts
     D:6: 437 daAuts
     D:5: 436 daAuts
  Temple: 216 daAuts
